 Dungeon Crawl Stone Soup version 0.26.0-10-g1f06aea511 (webtiles) character file.

Game seed: 15601482593310831017

153 dohliylev the Shield-Bearer (level 5, -3/33 HPs)
             Began as a Gargoyle Fighter on Jan 17, 2021.
             Killed by nerve-wracking pain
             ... invoked by an orc priest
              (6 damage)
             ... on level 3 of the Dungeon.
             The game lasted 00:06:30 (3779 turns).

dohliylev the Shield-Bearer (Gargoyle Fighter)      Turns: 3779, Time: 00:06:31

Health: -3/33      AC: 14    Str: 20    XL:     5   Next: 35%
Magic:  5/5        EV:  7    Int:  9    God:
Gold:   163        SH:  9    Dex:  9    Spells: 4/4 levels left

rFire    + . .     SeeInvis .   a - +0 flail
rCold    x . .     Faith    .   c - +0 kite shield
rNeg     + . .     Spirit   .   b - +0 scale mail
rPois    ∞         Reflect  .   m - +2 helmet
rElec    +         Harm     .   (no cloak)
rCorr    .         Rampage  .   (no gloves)
Will     .....                  (no boots)
Stlth    ..........             (no amulet)
HPRegen  0.11/turn              f - ring of fire
MPRegen  0.09/turn              (no ring)

@: very slow
A: negative energy resistance 1, electricity resistance, unbreathing,
petrification resistance, miasma immunity, AC +4
a: no special abilities


You were on level 3 of the Dungeon.
You visited 1 branch of the dungeon, and saw 4 of its levels.

You collected 163 gold pieces.

Inventory:

Hand Weapons
 a - a +0 flail (weapon)
Armour
 b - a +0 scale mail (worn)
 c - a +0 kite shield (worn)
 m - a +2 helmet (worn)
Jewellery
 f - a ring of fire (left hand)
 l - an uncursed ring of willpower {unknown}
Scrolls
 e - 2 scrolls of remove curse
 h - 2 scrolls of amnesia {unknown}
 i - 3 scrolls of identify {unknown}
 j - 2 scrolls of fear {unknown}
 k - 2 scrolls of magic mapping {unknown}
 p - a scroll of fog {unknown}
Potions
 d - 2 potions of might
 g - 4 potions of lignification {unknown}
 n - a potion of brilliance {unknown}
 o - a potion of heal wounds {unknown}
 q - a potion of berserk rage {unknown}


   Skills:
 + Level 3.8 Fighting
 + Level 3.5 Maces & Flails
 + Level 4.0 Armour
 + Level 0.7 Dodging
 + Level 4.2 Shields


You had 4 spell levels left.
You didn't know any spells.
Your spell library was empty.

Dungeon Overview and Level Annotations

Branches:
Dungeon (4/15)
 Temple: D:4-7

Altars:
Hepliaklqana
Trog


Innate Abilities, Weirdness & Mutations

You are resistant to torment.
Your stone body is resilient. (AC +4)
You are immune to poison.
You resist negative energy. (rN+)
You are resistant to electric shocks. (rElec)
You can survive without breathing.
You are immune to petrification.
You are immune to miasma.


Message History

The orc priest calls down the wrath of Beogh upon you.
You barely resist.
The orc moves out of view.
The orc priest invokes the aid of Beogh against you.
Pain shoots through your body!
The orc wizard points at itself and mumbles some strange words.
The orc wizard flickers and vanishes!
Deactivating autopickup; reactivate with Ctrl-A.
The orc priest invokes the aid of Beogh against you.
Beogh smites you!
You enter the shallow water.
Moving in this stuff is going to be slow.
You start resting.
An orc is nearby!
The orc shouts!
The orc priest calls down the wrath of Beogh upon you.
Beogh smites you!
* * * LOW HITPOINT WARNING * * *
The orc priest mumbles some strange prayers to Beogh against you.
Pain shoots through your body!
You die...

###..
#.#...........###.#....P #.##
#.#.......>...'.........
###..#
#.#...........##.#......
.....#
#.#...........##.#.####.
.....#####.#.P.≈.≈≈PPP.##.#.#
#..
.....#.....P.≈PP≈P♣≈≈P.##.#.#
#.#
..#.o#.#P≈.≈≈≈≈≈♣≈≈≈PP.##.#.#
#.#
#.#..#...P≈≈≈≈♣≈PPPP≈..##.#.#
#.#
..#..#≈P≈≈♣♣≈≈≈≈@......##)#.#
#.#
oo#..#≈≈≈≈♣≈♣≈≈≈#'#######.#.#
#.+ ..#..#≈≈≈≈♣♣≈≈≈≈#...#
#.#.#####
#.#o.)≈P≈♣≈o♣≈≈####.#
#.#<##..'
..#.##Po≈≈≈≈♣≈≈≈≈##.#
#.####.##
#.#..PPP≈≈o♣≈≈≈PPP## #.# #.##
##.#.####PPoP♣≈≈≈≈.≈## #.#
#.## ##..#.######P≈≈≈≈♣≈≈P.#
#.####.##
.......o......≈≈≈≈≈≈≈≈#
#......##


You could see 2 orc priests and an orc.

Vanquished Creatures
  Robin (D:1)
  5 gnolls
  3 adders
  4 worms
  A dart slug (D:2)
  A leopard gecko (D:1)
  3 giant cockroaches
  14 goblins
  6 hobgoblins
  6 kobolds
  2 quokkas
  2 ball pythons (D:1)
  6 bats
  3 frilled lizards
  A rat (D:2)
58 creatures vanquished.

Vanquished Creatures (others)
  45 plants (D:3)
45 creatures vanquished.

Grand Total: 103 creatures vanquished

Notes
Turn   | Place    | Note
-------+----------+-------------------------------------------
     0 | D:1      | dohliylev the Gargoyle Fighter began the quest for the Orb.
     0 | D:1      | Reached XP level 1. HP: 14/14 MP: 1/1
   125 | D:1      | Reached XP level 2. HP: 19/19 MP: 2/2
   406 | D:1      | Reached XP level 3. HP: 23/23 MP: 3/3
   511 | D:1      | You fall into a shaft and drop 1 floor!
  1100 | D:2      | Found a bloodstained altar of Trog.
  1227 | D:2      | Noticed Robin
  1339 | D:1      | Reached XP level 4. HP: 21/29 MP: 4/4
  1445 | D:1      | Killed Robin
  2610 | D:3      | Found a hazy altar of Hepliaklqana.
  2971 | D:3      | Reached XP level 5. HP: 15/33 MP: 5/5
  2974 | D:3      | HP: 1/33 [gnoll/+2 antimagic spear (4)]
  3779 | D:3      | Killed from afar by an orc priest

Illustrated notes

Levels and vault maps discovered:
D:1:      dpeg_arrival_more_subterranean_lakeside_camping, layout_loops_corners,
          minmay_heptomino_l4
D:2:      layout_basic, lightli_temple_of_fire, uniq_robin
D:3:      cheibrodos_pilgrimage, layout_basic, nzn_hepliaklqana_mist_gate,
          serial_bayou, serial_bayou_pond_a, serial_bayou_lagoon_a,
          serial_bayou_lagoon_b, serial_bayou_ford_a
D:4:      gammafunk_steamed_eel, layout_cave_pools, lemuel_doored_altar

Skill      XL: |  1  2  3  4 |
---------------+-------------+-----
Shields        | 4 |  4.2
Maces & Flails | 3 |  3.5
Armour         | 4 |  4.0
Fighting       | |  3.8
Dodging        | |  0.7

Action                   |  1- 3 |  4- 6 || total
-------------------------+-------+-------++-------
Melee: Flail             |   105 |   121 ||   226
  Use: Scroll            |     1 |       ||     1
Armor: Scale mail        |    83 |    66 ||   149
       Robe              |     1 |       ||     1
Dodge: Dodged            |    43 |    51 ||    94
Block: Kite shield       |    58 |    70 ||   128
